Unix NetHack Version 3.7.0-102 Work-in-progress - last build Apr 6 2024 13:22:21 (d302a6a9ff6341f1a922d8f5af178406b35fdf99,branch:master). Game began 2024-04-27 08:05:22, ended 2024-04-27 13:28:31. spontiff, neutral male gnomish Healer -------- ------ |(....(-#####-....| |..<...| ##|((..| ----|--- ##|....|######### ##### ##|....|# -|----------- # ##|....|# |C.........C| #####--|---# |.....C.....| ############ |...-----...|############## # ########## |...|.{.|...|# -------.-------- # # ####|..C|{.{|C..|######-......^.......| ## ###### #|.....{.|...|# |.....@........| ------## ### #|...-----...|# #-..............| |.....### # #|.....C.....|######|..............| |....|# # -------- # #|C.........C|# ---------------- |.....# # |...^..| ###-------------# |...^| ## |......-################### ------ ###.......| -------- Spontiff the Rhizotomist St:8 Dx:9 Co:17 In:8 Wi:18 Ch:16 Neutral S:500 Dlvl:9 $:1340 HP:0(44) Pw:2(7) AC:-7 Xp:1/0 T:9187 Blind Latest messages: It hits again! It hits! You hear a mumbled curse. Your eyes momentarily itch. What do you want to remove? [t or ?*] t You were wearing an uncursed blindfold. You can see again. The disenchanter hits! The Archon hits! The Archon hits again! You are blinded by the Archon's radiance! You stagger... It hits! You feel a bit steadier now. What do you want to use or apply? [ekmostwxzDS or ?*] Never mind. In what direction? . You feel better. It bites! It touches you! It hits! It hits! It hits again! It hits! Monsters appear from nowhere! Talk to whom? (in what direction) n "Judgment hath been passed upon thee, spontiff." Talk to whom? (in what direction) n "Thou shalt pay for thine insolence!" It misses! It hits! Its tentacles suck your brain! Your helm blocks the attack to your head. Its tentacles suck your brain again! Your helm blocks the attack to your head. Its tentacles suck your brain again! Your brain is eaten! You feel stupid! Its tentacles suck your brain again! Your helm blocks the attack to your head. It just misses! It hits! It hits! It hits again! It hits! You hear a mumbled curse. It hits! You die... Do you want your possessions identified? [ynq] (y) y Do you want to see the dungeon overview? [ynq] (y) y Inventory: Coins $ - 1340 gold pieces Weapons W - an uncursed +0 dart Armor h - an uncursed +0 helmet (being worn) g - a blessed +2 pair of leather gloves (being worn) v - an uncursed +0 pair of speed boots (being worn) r - a cursed +0 small shield (being worn) q - an uncursed +0 cloak of magic resistance (being worn) d - an uncursed +0 leather armor (being worn) Comestibles y - a cursed apple n - 7 uncursed food rations Scrolls I - an uncursed scroll of identify Wands D - an uncursed wand of digging (0:2) S - an uncursed wand of sleep (0:1) Tools m - an uncursed frost horn named empty (0:0) t - an uncursed blindfold z - a cursed leash o - an uncursed magic whistle w - an uncursed mirror x - a blessed oil lamp (wielded) e - an uncursed +0 pick-axe k - an uncursed skeleton key s - an uncursed stethoscope Gems/Stones E - 2 uncursed rubies Spontiff the Healer's attributes: Background: You were a Rhizotomist, a level 1 male gnomish Healer. You were neutral, on a mission for Hermes who was opposed by Athena (lawful) and Poseidon (chaotic). You were right-handed. You were in the Dungeons of Doom, on level 9. You entered the dungeon 9187 turns ago. You had 0 experience points, 20 were needed to attain level 2. Your score was 500 before end-of-game adjustments. Basics: You had 0 out of 44 hit points. You had 2 out of 7 energy points (spell power). Your armor class was -7. Your wallet contained 1340 zorkmids. Autopickup was on for '$!/="?' plus thrown, with exceptions. Final Characteristics: Your strength was 8 (limit:18/50). Your dexterity was 9 (peak:10, limit:18). Your constitution was 17 (limit:18). Your intelligence was 8 (peak:9, limit:19). Your wisdom was 18 (limit:18). Your charisma was 16 (limit:18). Final Status: You were temporarily blind. You weren't hungry. You were unencumbered. You were wielding a tool. Final Attributes: You were piously aligned. You were magic-protected. You were poison resistant. You had infravision. You had a moderate defense bonus (+8). You were warded. You were very fast. You were unlucky. You are dead. Miscellaneous: You encountered 3 bones levels. Total elapsed playing time was 2 hours, 22 minutes and 5 seconds. Major events: Turn 1: spontiff the neutral male gnomish Healer entered the dungeon 742: found Demonbane on the floor 1190: entered the Gnomish Mines 2462: reached Mine Town 6864: entered Sokoban 9180: made his first wish - "holy figurine of an Archon", got "a figurine of an Archon" 9187: killed by an Archon Vanquished creatures: a ghost a queen bee 3 small mimics a large cat 4 watchmen a winter wolf cub 2 mountain nymphs 2 rock moles a shrieker 3 gnome leaders 3 gnomish wizards a gray ooze 2 elf zombies a giant ant a little dog 7 dwarves 2 homunculi 2 rothes a giant bat 2 orc zombies 3 dwarf zombies 6 iguanas 4 killer bees 7 acid blobs 3 coyotes a gas spore 8 hobbits 2 large kobolds a hobgoblin 5 giant rats 2 cave spiders 4 yellow molds a green mold 8 gnomes 2 garter snakes 4 gnome zombies 6 geckos 20 jackals a fox 2 kobolds 4 goblins 7 sewer rats 9 grid bugs 3 bats 14 lichens 6 kobold zombies 9 newts 183 creatures vanquished. No species were genocided or became extinct. Voluntary challenges: You never hit with a wielded weapon. You were a pacifist. You read items or engraved 1 time. You never engraved Elbereth. You never genocided any monsters. You never polymorphed an object. You never changed form. You used 1 wish. You did not wish for any artifacts. You violated the special Sokoban rules once. Achievements: You entered a shop. You entered the Gnomish Mines. You entered Minetown. You entered a temple. You entered Sokoban. The Dungeons of Doom: levels 1 to 11 Level 1: "Stashlet" Level 2: An armor shop. Level 3: A fountain, a sink. Stairs down to The Gnomish Mines. Level 4: A scroll shop, some fountains, a sink. Level 5: "vault" Some fountains, a grave. Level 6: "vault" An altar to Hermes, a fountain. Level 7: "Wright with a wand of death" A fountain. Final resting place for mort-Tou-Hum-Mal-Neu, killed by a death ray. Level 8: "Minotaur Bones!" A sink. Level 9: <- You were here. Many fountains. Oracle of Delphi. Final resting place for you, killed by an Archon. Level 10: A fountain. Stairs up to Sokoban, level 9. Level 11: A grave. Final resting place for radiology-Wiz-Elf-Mal-Cha, killed by a leocrotta. The Gnomish Mines: levels 4 to 9 Level 4: Level 5: Level 6: Many shops, a temple and an altar, some fountains. Level 7: Level 8: A grave. Final resting place for radiology-Wiz-Elf-Mal-Cha, killed by a shattered potion. Level 9: Sokoban: Level 9: "come back with pet - fog cloud" Unsolved. Game over: ---------- / \ / REST \ / IN \ / PEACE \ / \ | spontiff | | 1340 Au | | killed by an | | Archon | | | | | | 2024 | *| * * * | * _________)/\\_//(\/(/\)/\//\/|_)_______ Goodbye spontiff the Healer... You died in The Dungeons of Doom on dungeon level 9 with 500 points, and 1340 pieces of gold, after 9187 moves. You were level 1 with a maximum of 44 hit points when you died.